 Dungeon Crawl Stone Soup version 0.31.0-12-g77e489cdc1 (webtiles) character file.

Game seed: 5606392432696380731

88 spaghetti the Trooper (level 4, 0/28 HPs)
             Began as a Deep Elf Fighter on Feb 15, 2024.
             Slain by an orc
             ... wielding a +0 hand axe
              (4 damage)
             ... on level 3 of the Dungeon.
             The game lasted 00:01:39 (1301 turns).

spaghetti the Trooper (Deep Elf Fighter)            Turns: 1301, Time: 00:01:39

Health: 0/28       AC:  6    Str: 13    XL:     4   Next: 30%
Magic:  0/6        EV:  9    Int: 13    God:
Gold:   109        SH:  5    Dex: 16    Spells: 3/3 levels left

rFire   . . .        p - +2 dagger (speed)
rCold   . . .        c - +0 buckler
rNeg    . . .        b - +0 scale mail
rPois   .            (no helmet)
rElec   .            (no cloak)
rCorr   .            (no gloves)
SInv    .            (no boots)
Will    .....        k - amulet of guardian spirit
Stlth   +            (no ring)
HPRegen 0.24/turn    (no ring)
MPRegen 0.10/turn

%: guardian spirit
@: mighty
A: no striking features
a: no special abilities


You were on level 3 of the Dungeon.
You visited 1 branch of the dungeon, and saw 3 of its levels.

You collected 109 gold pieces.

Inventory:

Hand Weapons
 a - a +0 rapier
 p - a +2 dagger of speed (weapon)
Armour
 b - a +0 scale mail (worn)
 c - a +0 buckler (worn)
Jewellery
 k - an amulet of guardian spirit (around neck)
Scrolls
 f - a scroll of amnesia {unknown}
 h - 2 scrolls of teleportation {unknown}
 i - a scroll of blinking {unknown}
 m - a scroll of identify {unknown}
 o - a scroll of enchant armour {unknown}
Potions
 e - a potion of heal wounds {unknown}
 g - a potion of attraction {unknown}
 j - a potion of lignification {unknown}
 l - a potion of brilliance {unknown}
 n - a potion of degeneration {unknown}


   Skills:
 + Level 3.0 Fighting
 + Level 2.8 Short Blades
 - Level 2.4 Armour
 + Level 2.2 Dodging
 + Level 2.4 Stealth
 - Level 2.4 Shields


You had 3 spell levels left.
You didn't know any spells.
Your spell library was empty.

Dungeon Overview and Level Annotations

Branches:
Dungeon (3/15)

Altars:

Shops:
D:1 [


Message History

You are too injured to fight recklessly!
You are too injured to fight recklessly!
You are too injured to fight recklessly!
Unknown command.
You feel very mighty all of a sudden. The orc closely misses you.
You puncture the orc!
You kill the orc!
The orc hits you but does no damage.
The orc priest calls down the wrath of Beogh upon you.
Pain shoots through your body!
Things that are here:
a +0 short sword; a +0 dagger; a +0 ring mail You barely miss the orc priest.
The orc completely misses you. The orc priest closely misses you.
You puncture the orc priest!
The orc priest is severely wounded.
You closely miss the orc priest.
The orc priest is severely wounded.
The orc closely misses you. You block the orc priest's attack.
You hit the orc priest but do no damage.
The orc priest is severely wounded.
The orc hits you with a +0 war axe. You block the orc priest's attack.
You hit the orc priest.
You kill the orc priest!
Your Fighting skill increases to level 3!
Your Dodging skill increases to level 2!
You have reached level 4!
You feel clever.
You hit the orc.
The orc is almost dead.
The orc hits you with a +0 war axe!
* * * LOW HITPOINT WARNING * * *
You puncture the orc!
You kill the orc!
You closely miss the orc. You hit the orc.
The orc is heavily wounded.
The orc hits you with a +0 hand axe.
You die...

##...##.....#
##...##.....# ##
#..#..###...# #.
#.#.#.# ##..# ..
###.###..#..#
##.#
.>.#.....##....#
#......##....#
#..)#...#...#
#@#...#..#
#..o#....†#.#
###...##...##
##########


You could see an orc.

Vanquished Creatures
  An orc priest (D:3)
  An adder (D:3)
  A ribbon worm (D:2)
  2 dart slugs
  3 orcs (D:3)
  A ball python (D:1)
  2 endoplasms
  2 giant cockroaches
  8 goblins
  2 hobgoblins
  2 jackals (D:1)
  A quokka (D:1)
  4 bats
  3 frilled lizards
  2 kobolds (D:1)
  3 rats
38 creatures vanquished.

Notes
Turn   | Place    | Note
-------+----------+-------------------------------------------
     0 | D:1      | spaghetti the Deep Elf Fighter began the quest for the Orb.
     0 | D:1      | Reached XP level 1. HP: 13/13 MP: 3/3
   142 | D:1      | Reached skill level 1 in Dodging
   142 | D:1      | Reached skill level 1 in Stealth
   142 | D:1      | Reached XP level 2. HP: 14/18 MP: 4/4
   172 | D:1      | Found Upnimm's Antique Armour Shoppe.
   792 | D:2      | Reached XP level 3. HP: 22/22 MP: 5/5
  1298 | D:3      | Reached skill level 3 in Fighting
  1298 | D:3      | Reached XP level 4. HP: 10/28 MP: 2/6
  1301 | D:3      | Slain by an orc

Illustrated notes

Levels and vault maps discovered:
D:1:      dpeg_arrival_rooms_b, layout_rooms, serial_shops,
          nicolae_shop_advertising_works [nicolae_subvault_shop_adworks],
          st_stairs_12, minmay_tetromino_s2
D:2:      layout_basic
D:3:      layout_loops_ring, amcnicky_altar_gilded,
          mainiacjoe_sewer_entry_somewhere_in_here_1, hangedman_decor_slide_cut

Skill      XL: |  1  2  3 |
---------------+----------+-----
Dodging        | 1 2 |  2.2
Stealth        | 1 2 |  2.4
Fighting       | 3 |  3.0
Short Blades   | |  2.8
Armour         | |  2.4
Shields        | |  2.4

Action                     |  1- 3 |  4- 6 || total
---------------------------+-------+-------++-------
  Melee: Rapier            |    88 |       ||    88
         Dagger            |    40 |     4 ||    44
    Use: Potion            |     1 |       ||     1
 Armour: Scale mail        |    66 |     2 ||    68
  Dodge: Dodged            |    42 |       ||    42
  Block: Buckler           |    34 |       ||    34
